 Dungeon Crawl Stone Soup version 0.25.1-2-g60ff931df9 (webtiles) character file.

Game seed: 4878122109996147569

214 Exodus22XD the Slasher (level 6, -3/48 HPs)
             Began as a Human Berserker on Oct 24, 2020.
             Was a Believer of Trog.
             Slain by a human skeleton (5 damage)
             ... on level 4 of the Dungeon.
             The game lasted 00:05:36 (3183 turns).

Exodus22XD the Slasher (Human Berserker)            Turns: 3183, Time: 00:05:37

Health: -3/48      AC:  3    Str: 19    XL:     6   Next: 14%
Magic:  0/6        EV: 12    Int:  8    God:    Trog [**....]
Gold:   168        SH:  0    Dex: 12    Spells: 5/5 levels left

rFire    . . .     SeeInvis .   a - +0 falchion
rCold    . . .     Gourm    .   (no shield)
rNeg     . . .     Faith    .   h - +0 leather armour (curse)
rPois    .         Spirit   +   (no helmet)
rElec    .         Reflect  .   (no cloak)
rCorr    .         Harm     .   (no gloves)
MR       .....                  (no boots)
Stlth    ++........             g - amulet of guardian spirit
HPRegen  0.16/turn              n - ring of stealth
MPRegen  0.10/turn              (no ring)

@: starving
A: no striking features
a: Berserk, Trog's Hand, Renounce Religion


You were on level 4 of the Dungeon.
You worshipped Trog.
Trog was pleased with you.
You were starving.

You visited 1 branch of the dungeon, and saw 4 of its levels.

You collected 168 gold pieces.

Inventory:

Hand Weapons
 a - a +0 falchion (weapon)
Armour
 h - a cursed +0 leather armour (worn)
 q - a +0 ring mail
Jewellery
 g - an amulet of guardian spirit (around neck)
 n - a ring of stealth (left hand)
Wands
 m - a wand of paralysis (9)
Scrolls
 b - a scroll of amnesia {unknown}
 i - 2 scrolls of remove curse
 j - 2 scrolls of teleportation
 k - a scroll of fog {unknown}
 o - a scroll of blinking {unknown}
 p - 3 scrolls of fear
Potions
 d - 4 potions of heal wounds
 e - 2 potions of lignification {unknown}
 l - 2 potions of curing {unknown}
Comestibles
 c - 6 rations


   Skills:
 + Level 3.9 Fighting
 + Level 4.8 Long Blades
 + Level 3.1 Armour
 + Level 2.8 Dodging


You had 5 spell levels left.
You didn't know any spells.
Your spell library was empty.

Dungeon Overview and Level Annotations

Branches:
Dungeon (4/15)
 Temple: D:4-7

Altars:
Wu Jian
Xom

Portals:
Ossuary: D:4

Annotations:
D:4 Sigmund


Message History

You hit the human skeleton.
The human skeleton is heavily damaged.
You hit the human skeleton.
The human skeleton is severely damaged.
The human skeleton barely misses you.
You riposte.
You slash the human skeleton!
The human skeleton is severely damaged.
You hit the human skeleton.
The human skeleton is almost destroyed.
The human skeleton hits you.
* * * LOW HITPOINT WARNING * * *
You barely miss the human skeleton.
The human skeleton is almost destroyed.
The human skeleton hits you.
* * * LOW HITPOINT WARNING * * *
You hit the human skeleton.
The human skeleton is almost destroyed.
You recover from your berserk rage.
The human skeleton hits you!
You die...

.............#.##
...........#.#(.#
......(....##..#
...........##+##
..#.....#...#.#
#####....#..#.#+#+#
...##..###..#.'...+
#..##..# #..###...#
.#.##..# #..# +.@.+
##...... ...# #+#Z#
....#.# #..# ∩#
....# .# #.## ##
#.#... # .##...
.....# ..... #..##


You could see a human skeleton.

Vanquished Creatures
  An elf zombie (D:4)
  A bullfrog skeleton (D:4)
  An orc priest (D:3)
  2 adders (D:3)
  A worm (D:2)
  A dart slug (D:2)
  2 leopard geckos
  2 orcs (D:3)
  A ball python (D:3)
  5 giant cockroaches
  2 goblins
  9 hobgoblins
  6 jackals
  4 quokkas
  9 bats
  4 frilled lizards
  3 kobolds
  5 rats (D:1)
59 creatures vanquished.

Notes
Turn   | Place    | Note
-------+----------+-------------------------------------------
     0 | D:1      | Exodus22XD the Human Berserker began the quest for the Orb.
     0 | D:1      | Reached XP level 1. HP: 18/18 MP: 1/1
   283 | D:1      | Reached XP level 2. HP: 21/24 MP: 2/2
   848 | D:1      | Reached ** piety under Trog
   848 | D:1      | Reached XP level 3. HP: 20/29 MP: 3/3
  1610 | D:2      | Found an ornate altar of the Wu Jian Council.
  1741 | D:2      | Found a shimmering altar of Xom.
  1790 | D:2      | Reached XP level 4. HP: 32/35 MP: 2/4
  2093 | D:3      | Reached skill level 4 in Long Blades
  2106 | D:3      | Reached XP level 5. HP: 20/41 MP: 5/5
  3093 | D:4      | Noticed Sigmund
  3150 | D:4      | Reached XP level 6. HP: 29/48 MP: 3/6
  3166 | D:4      | Found a sand-covered staircase.
  3182 | D:4      | HP: 2/48 [human skeleton (5)]
  3183 | D:4      | Slain by a human skeleton

Illustrated notes

Levels and vault maps discovered:
D:1:      tarquinn_simple_flora_water_c, layout_basic, minmay_misc_feat_enclosed
D:2:      layout_loops_cross, nicolae_overflow_crystal_walls,
          overflow_temple_1_default, minmay_misc_feat_cross,
          palyth_stone_intersect
D:3:      layout_loops_ring, kennysheep_generic_room_11
D:4:      layout_cave_pools, nicolae_ashenzari_panopticon,
          nicolae_ossuary_entry_catacombs, uniq_grinder, uniq_sigmund,
          uniq_eustachio

Skill      XL: |  1  2  3  4  5 |
---------------+----------------+-----
Long Blades    | 4 |  4.8
Armour         | 3 |  3.1
Fighting       | |  3.9
Dodging        | |  2.8

Action                   |  1- 3 |  4- 6 || total
-------------------------+-------+-------++-------
Melee: Falchion          |   129 |    89 ||   218
Invok: Berserk           |     1 |     2 ||     3
  Use: Scroll            |       |     4 ||     4
 Stab: Sleeping          |       |     3 ||     3
  Eat: Chunk             |     4 |     4 ||     8
Armor: Leather armour    |    30 |    16 ||    46
       Animal skin       |     1 |       ||     1
Dodge: Dodged            |   111 |    48 ||   159
       Rpst.: Falchion   |    36 |    19 ||    55
